Map: Romanticide LE

Players

Serral - Winner!

  • Race: Zerg Zerg

Clem

  • Race: Terran Terran

Event: DreamHack SC2 Masters 2021 Winter

VOD

Have the link to the VOD?

Description

Time

  • Played on: Oct. 15, 2021, 11:44 a.m.
  • Length: 6:57

All games in this series

Show
View Real Time Build Order
Export as new Build Order

Serral Zerg - Winner!

Build Orders: Hatch First 

Get SALT Encoding   

  12  0:00  Drone  
  13  0:12  Overlord  
  13  0:16  Drone  
  14  0:30  Drone x2  
  16  0:48  Hatchery  
  15  0:50  Drone  
  15  0:54  Drone  
  17  0:58  Drone  
  18  1:08  Extractor  
  17  1:13  Spawning Pool  
  17  1:16  Drone  
  17  1:20  Drone  
  18  1:27  Drone  
  19  1:38  Drone  
  20  1:50  Drone  
  21  2:00  Zergling x2, Queen x2  
  21  2:01  Zergling x2  
  27  2:11  Drone, Overlord  
  28  2:21  Extractor  
  27  2:24  Drone  
  28  2:30  Drone, Hatchery  
  28  2:32  Drone  
  28  2:35  Drone  
  30  2:41  Metabolic Boost  
  31  2:45  Extractor  
  31  2:49  Queen  
  32  2:53  Overlord  
  32  2:57  Drone  
  32  2:58  Drone  
  34  3:00  Drone  
  36  3:05  Drone  
  36  3:10  Overlord  
  36  3:13  Drone x2  
  36  3:14  Drone  
  36  3:16  Drone  
  39  3:23  Drone  
  39  3:25  Queen  
  41  3:29  Queen  
  41  3:33  Drone  
  44  3:40  Drone x2  
  46  3:41  Zergling x6  
  46  3:46  Queen  
  51  3:49  Overlord  
  51  3:51  Drone  
  52  3:56  Drone x2  
  52  3:59  Overlord  
  54  4:04  Queen  
  54  4:07  Queen  
  54  4:09  Drone  
  59  4:11  Drone  
  59  4:16  Overlord  
  60  4:18  Zergling x4  
  60  4:19  Drone  
  60  4:21  Drone x2  
  65  4:28  Drone x2  
  69  4:31  Overlord  
  69  4:37  Drone, Overlord  
  69  4:38  Drone x2  
  72  4:39  Drone  
  73  4:47  Extractor  
  73  4:48  Roach Warren, Extractor x2  
  73  4:49  Drone x2  
  73  4:51  Overlord  
  69  4:58  Zergling x6  
  72  5:01  Spore Crawler  
  72  5:02  Spore Crawler  
  72  5:03  Spore Crawler, Overlord  
  72  5:05  Zergling x4  
  71  5:11  Overlord  
  71  5:16  Overlord  
  71  5:28  Roach x10  
  91  5:38  Roach x4  
  99  5:54  Zergling x14  
  103  5:58  Zergling x2  
  103  6:01  Spore Crawler  
  103  6:05  Zergling x2  
  103  6:06  Zergling x4  
  105  6:12  Ravager x6  
  105  6:13  Ravager  
  105  6:14  Zergling x4  
  114  6:19  Overlord  
  114  6:22  Ravager  
  114  6:23  Zergling x4  
  117  6:32  Ravager  
  116  6:33  Zergling x10  
  120  6:44  Ravager x2  
Show
View Real Time Build Order
Export as new Build Order

Clem Terran 

Build Orders: Reaper Expand 

Get SALT Encoding   

  12  0:00  SCV  
  13  0:12  SCV  
  14  0:17  Supply Depot  
  14  0:24  SCV  
  15  0:38  SCV  
  15  0:40  Barracks  
  16  0:43  Refinery  
  16  0:50  SCV  
  17  1:02  SCV  
  18  1:14  SCV  
  19  1:27  Reaper, Orbital Command  
  20  1:39  Command Center  
  20  1:48  Supply Depot  
  20  1:53  SCV  
  21  1:59  Marine  
  22  2:05  SCV  
  23  2:12  Factory  
  23  2:17  SCV  
  23  2:19  Barracks Reactor  
  24  2:29  SCV  
  25  2:37  Command Center  
  25  2:41  SCV  
  26  2:52  Orbital Command  
  26  2:54  SCV  
  27  2:59  Refinery  
  27  3:03  Starport  
  27  3:10  Hellion  
  29  3:15  Hellion  
  29  3:17  SCV  
  32  3:21  SCV  
  32  3:31  SCV  
  32  3:32  Refinery  
  32  3:33  SCV  
  34  3:35  Widow Mine  
  34  3:37  Widow Mine  
  38  3:43  SCV  
  38  3:45  Medivac  
  38  3:47  SCV  
  42  3:51  Orbital Command  
  42  3:56  SCV  
  42  3:58  Widow Mine  
  42  3:59  SCV  
  46  4:04  Widow Mine  
  46  4:08  Barracks Tech Lab  
  46  4:09  SCV  
  49  4:10  Supply Depot  
  49  4:12  SCV  
  50  4:17  Factory  
  50  4:19  SCV  
  51  4:25  Medivac  
  51  4:27  Widow Mine  
  51  4:29  Widow Mine  
  57  4:32  Supply Depot  
  57  4:33  Marine  
  57  4:34  SCV  
  57  4:36  SCV  
  60  4:39  SCV  
  60  4:45  Armory  
  61  4:47  SCV  
  61  4:49  SCV  
  61  4:51  SCV  
  64  4:53  Widow Mine  
  64  4:54  Supply Depot  
  64  4:56  Widow Mine  
  70  5:00  SCV  
  70  5:01  SCV  
  70  5:03  Supply Depot  
  70  5:05  Medivac  
  72  5:07  SCV  
  72  5:11  Supply Depot, Refinery  
  72  5:12  SCV  
  72  5:13  Barracks Tech Lab  
  76  5:18  Siege Tank  
  76  5:19  Supply Depot  
  76  5:20  SCV  
  78  5:21  Orbital Command  
  78  5:24  SCV  
  78  5:27  Widow Mine x2  
  83  5:30  Supply Depot  
  83  5:32  SCV  
  83  5:34  Drilling Claws  
  84  5:36  SCV  
  85  5:42  Marine  
  85  5:44  SCV  
  85  5:47  Supply Depot  
  85  5:48  SCV  
  88  5:50  SCV  
  88  5:55  Barracks  
  88  5:56  Barracks  
  83  5:57  SCV  
  83  5:59  Siege Tank  
  83  6:00  Marine  
  83  6:01  Widow Mine  
  90  6:07  SCV  
  89  6:14  Supply Depot  
  89  6:16  Bunker  
  88  6:18  Marine  
  88  6:19  SCV x3  
  90  6:28  Supply Depot  
  90  6:31  Widow Mine x2  
  95  6:37  SCV  
  90  6:44  SCV  

Tags
 
Add a new tag
Caveats
  • Supply blocks, unpowered buildings, or Contaminate may cause inaccurate times.
  • Supply counts are checked every 10 seconds.